 Dungeon Crawl Stone Soup version 0.25.1-2-g60ff931df9 (webtiles) character file.

Game seed: 13089428257554776791

198 lepoulpe303 the Sneak (level 5, -4/24 HPs)
             Began as a Spriggan Earth Elementalist on Sept 16, 2020.
             Killed from afar by an orc wizard (8 damage)
             ... with a puff of flame
             ... on level 4 of the Dungeon.
             The game lasted 00:15:34 (4315 turns).

lepoulpe303 the Sneak (Spriggan Earth Elementalist) Turns: 4315, Time: 00:15:35

Health: -4/24      AC:  4    Str:  4    XL:     5   Next: 47%
Magic:  11/12      EV: 19    Int: 17    God:
Gold:   154        SH:  0    Dex: 17    Spells: 6/12 levels left

rFire    . . .     SeeInvis +   b - +3 quarterstaff (chaos)
rCold    . . .     Gourm    .   (shield currently unavailable)
rNeg     . . .     Faith    .   c - +0 robe
rPois    .         Spirit   .   (helmet restricted)
rElec    .         Reflect  .   o - +1 cloak
rCorr    .         Harm     .   (gloves unavailable)
MR       .....                  (boots unavailable)
Stlth    +++.......             (no amulet)
HPRegen  0.08/turn              (no ring)
MPRegen  0.13/turn              (no ring)

@: very quick
A: very small, unfitting armour, see invisible, herbivore, speed 3, slow
metabolism 2
a: no special abilities


You were on level 4 of the Dungeon.
You were not hungry.

You visited 1 branch of the dungeon, and saw 4 of its levels.

You collected 154 gold pieces.

Inventory:

Hand Weapons
 a - a +0 dagger
 b - a +3 quarterstaff of chaos (weapon)
Missiles
 p - 17 poisoned darts (quivered)
 Q - 164 stones
Armour
 c - a +0 robe (worn)
 o - a +1 cloak (worn)
Scrolls
 f - a scroll of noise {unknown}
 h - a scroll of teleportation {unknown}
 i - 2 scrolls of identify
 j - 3 scrolls of magic mapping {unknown}
 m - a scroll of random uselessness {unknown}
Potions
 d - a potion of flight {unknown}
 g - a potion of lignification {unknown}
 k - a potion of heal wounds {unknown}
 l - a potion of cancellation
 n - 2 potions of resistance
 q - 2 potions of curing
 r - a potion of brilliance
Comestibles
 e - 5 rations


   Skills:
 + Level 1.9 Short Blades
 + Level 4.1 Dodging
 + Level 4.3 Stealth
 * Level 4.3 Spellcasting
 - Level 1.3 Transmutations
 * Level 3.8 Earth Magic


You had 6 spell levels left.
You knew the following spells:

 Your Spells              Type           Power        Failure   Level  Hunger
a - Sandblast             Erth           ###...       3%          1    None
w - Passwall              Tmut/Erth      ##......     8%          2    ##.....
x - Stone Arrow           Conj/Erth      ##....       21%         3    ###....

Your spell library contained the following spells:

 Spells                   Type           Power        Failure   Level  Hunger
 Petrify                  Tmut/Erth      ##......     45%         4    ####...
 Lee's Rapid Deconstruct  Erth           ###.......   65%         5    ######.


Dungeon Overview and Level Annotations

Branches:
Dungeon (4/15)
 Temple: D:4-7

Altars:


Innate Abilities, Weirdness & Mutations

You are very small and have problems with some larger weapons.
You are too small for most types of armour.
You have supernaturally acute eyesight. (SInv)
You are a herbivore.
You cover ground extremely quickly.
You need to consume almost no food.


Message History

The puff of flame hits you!
* * * LOW HITPOINT WARNING * * *
The orc misses you.
The orc wizard hits you with a +0 dagger.
* * * LOW HITPOINT WARNING * * *
You take 8 damage, and have 10/24 hp.
MASSIVE DAMAGE!!
Aim: an orc, wielding a +0 whip The blast of sand hits the orc.
Q - 164 stones The orc hits you with a +0 whip.
* * * LOW HITPOINT WARNING * * *
The orc wizard misses you.
You take 6 damage, and have 4/24 hp.
MASSIVE DAMAGE!!
You now have 11/12 mp.
The orc wizard misses you.
The orc wizard gestures at you while chanting.
The puff of flame hits you!
You die...

#......<..# #..o......#
### #..oo.....# ..
#..o......# ..
###..####'####### .##
##.# #.)......# ..# #.#
#oo.)....# #.# #.#
#........# #.#
#.###.@......#
####.######..##........#
......†...†..##........#
####.......)).##.#######
####........#.##.#
...##.......#..#.#
##.##.......##.#.#
#.###########.#.#
#.....# #...#


You could see an orc wizard (fast) and an orc.

Levels and vault maps discovered:
D:1:      dpeg_arrival_connections, layout_basic
D:2:      layout_rooms, first_ration, minmay_misc_feat_rugged,
          uniq_crazy_yiuf_cottage
D:3:      layout_basic, kennysheep_cluttered_room
D:4:      layout_basic, uniq_blork_the_orc

Notes
Turn   | Place    | Note
-------+----------+-------------------------------------------
     0 | D:1      | lepoulpe303 the Spriggan Earth Elementalist began the quest
                  | for the Orb.
     0 | D:1      | Reached XP level 1. HP: 9/9 MP: 5/5
    27 | D:1      | Identified a +0 dagger (You found it on level 1 of the
                  | Dungeon)
   220 | D:1      | Identified a +0 club
   289 | D:1      | Identified a +0 club
   296 | D:1      | Reached skill level 3 in Spellcasting
   524 | D:1      | Reached XP level 2. HP: 5/13 MP: 4/7
   528 | D:1      | HP: 3/13 [bat (1)]
   533 | D:1      | HP: 2/13 [bat (1)]
   857 | D:1      | Reached skill level 3 in Earth Magic
  1240 | D:1      | Learned a level 2 spell: Passwall
  1473 | D:2      | Reached XP level 3. HP: 13/16 MP: 8/8
  1637 | D:2      | Identified a +0 dagger
  1693 | D:2      | Found a runed translucent door.
  1694 | D:2      | Identified a +3 quarterstaff of chaos
  1694 | D:2      | Identified a +1 cloak
  1694 | D:2      | Noticed Crazy Yiuf
  1739 | D:2      | Identified a +0 whip
  1741 | D:2      | Reached skill level 1 in Short Blades
  2446 | D:2      | Killed Crazy Yiuf
  2446 | D:2      | Reached XP level 4. HP: 21/21 MP: 2/10
  2577 | D:3      | Identified a +0 whip
  2577 | D:3      | Identified a +0 club
  2781 | D:3      | Identified a +0 club
  2834 | D:3      | Identified a +0 club
  3105 | D:3      | Reached skill level 4 in Stealth
  3172 | D:3      | Identified a +0 short sword
  3412 | D:3      | Identified a +2 flail of holy wrath
  3412 | D:3      | Identified a +0 scale mail
  3523 | D:3      | Identified a +0 dagger
  3814 | D:3      | Learned a level 3 spell: Stone Arrow
  3814 | D:3      | Identified 6 scrolls of identify
  3814 | D:3      | Identified 2 potions of curing
  3815 | D:3      | Identified 2 potions of resistance
  3816 | D:3      | Identified a potion of cancellation
  3817 | D:3      | Identified a potion of brilliance
  3899 | D:4      | Reached skill level 4 in Spellcasting
  3912 | D:4      | Identified a +0 dagger
  3912 | D:4      | Identified a +0 robe
  3913 | D:4      | Identified a +0 leather armour
  3913 | D:4      | Identified a +0 dagger
  3913 | D:4      | Identified a +0 robe
  3914 | D:4      | Identified a +0 dagger
  3914 | D:4      | Identified a +0 leather armour
  3928 | D:4      | Reached skill level 4 in Dodging
  3928 | D:4      | Reached XP level 5. HP: 24/24 MP: 10/12
  4287 | D:4      | Identified a +0 whip
  4288 | D:4      | Identified a +0 dagger
  4288 | D:4      | Identified a +0 dagger
  4288 | D:4      | Identified a +0 robe
  4288 | D:4      | Identified a +0 trident
  4288 | D:4      | Identified a +0 chain mail
  4312 | D:4      | HP: 4/24 [orc/+0 whip (6)]
  4315 | D:4      | Killed from afar by an orc wizard

Table legend:
 A = Turns spent in this place as a percentage of turns spent in the entire game.
 B = Non-inter-level travel turns spent in this place as a percentage of non-inter-level travel turns spent in the entire game.
 C = Inter-level travel turns spent in this place as a percentage of turns spent in this place.
 D = Turns resting spent in this place as a percentage of non-inter-level travel turns spent in this place.
 E = Turns spent auto-exploring this place as a percentage of non-inter-level travel turns spent in this place.
 F = Non-inter-level travel turns spent in this place divided by the number of levels of this place that you've seen.
                   A       B       C       D       E      F
               +-------+-------+-------+-------+-------+----------------------
         Total | 100.0 | 100.0 |   3.2 |  36.9 |  43.2 | 1043.8
       Dungeon | 100.0 | 100.0 |   3.2 |  36.9 |  43.2 | 1043.8
               +-------+-------+-------+-------+-------+----------------------

Table legend:
 A = Kills in this place as a percentage of kills in entire the game.
 B = Kills by you in this place as a percentage of kills by you in the entire game.
 C = Kills by friends in this place as a percentage of kills by friends in the entire game.
 D = Other kills in this place as a percentage of other kills in the entire game.
 E = Experience gained in this place as a percentage of experience gained in the entire game.
 F = Experience gained in this place divided by the number of levels of this place that you have seen.
                   A       B       C       D       E      F
               +-------+-------+-------+-------+-------+----------------------
         Total | 100.0 | 100.0 |   N/A | 100.0 | 100.0 |  70.8
       Dungeon | 100.0 | 100.0 |   N/A | 100.0 | 100.0 |  70.8
               +-------+-------+-------+-------+-------+----------------------

Skill      XL: |  1  2  3  4 |
---------------+-------------+-----
Spellcasting   | 3 4 |  4.3
Earth Magic    | 3 |  3.8
Short Blades   | 1 |  1.9
Stealth        | 4 |  4.3
Dodging        | 4 |  4.1
Transmutations | |  1.3

Action                   |  1- 3 |  4- 6 || total
-------------------------+-------+-------++-------
Melee: Dagger            |   157 |    95 ||   252
       Quarterstaff      |       |    80 ||    80
Throw: Stone             |     1 |       ||     1
 Cast: Sandblast         |    26 |    13 ||    39
  Use: Scroll            |       |     4 ||     4
 Stab: Sleeping          |     7 |     5 ||    12
  Eat: Ration            |       |     1 ||     1
Armor: Robe              |    14 |    24 ||    38
Dodge: Dodged            |   143 |   220 ||   363

Vanquished Creatures
  2 orc wizards (D:4)
  Crazy Yiuf (D:2)
  2 adders
  4 worms
  2 dart slugs
  5 orcs
  2 giant cockroaches
  A goblin (D:2)
  7 hobgoblins
  15 jackals
  2 quokkas
  4 bats
  9 frilled lizards
  7 kobolds
  11 rats
74 creatures vanquished.

Vanquished Creatures (others)
  An orc (D:4)
1 creature vanquished.

Grand Total: 75 creatures vanquished
